 Dungeon Crawl Stone Soup version 0.20-a0-754-g13ddd6e (webtiles) character file.

813 nono the Skirmisher (level 7, -3/40 HPs)
             Began as a Vine Stalker Hunter on Feb 25, 2017.
             Slain by an orc warrior
             ... wielding a +0 scimitar
              (14 damage)
             ... on level 6 of the Dungeon on Feb 26, 2017.
             The game lasted 00:13:14 (1757 turns).

nono the Skirmisher (Vine Stalker Hunter)           Turns: 1757, Time: 00:13:14

Health: -3/40      AC: 11    Str: 17    XL:     7   Next: 93%
Magic:  0/7        EV:  7    Int: 11    God:
Gold:   119        SH:  0    Dex: 14    Spells: 6/6 levels left

rFire    . . .     SeeInvis .   s - +2 dagger (protect)
rCold    . . .     Gourm    .   p - +0 chain mail
rNeg     . . .     Faith    .   (no shield)
rPois    .         Spirit   +   (no helmet)
rElec    .         Reflect  .   k - +1 cloak
rCorr    .         Harm     .   (no gloves)
MR       .....                  (no boots)
Stlth    ..........             (no amulet)
Regen    0.6/turn               (no ring)
MPRegen  0.1/turn               (no ring)

@: no status effects
A: fangs 2, low mp 1, mutation resistance 1, regeneration 1, magic shield,
antimagic bite, no potion heal 3, rot immunity
a: no special abilities


You were on level 6 of the Dungeon.
You were hungry.

You visited 1 branch of the dungeon, and saw 6 of its levels.

You collected 119 gold pieces.

Inventory:

Hand Weapons
 a - a +0 short sword
 e - a +1 hand axe of freezing
 s - a +2 dagger of protection (weapon)
 t - a +0 short sword
Missiles
 c - 2 javelins (quivered)
Armour
 b - a +0 leather armour
 k - a +1 cloak (worn)
 n - a +0 ring mail
 p - a +0 chain mail (worn)
Wands
 j - a wand of flame (7/48)
Scrolls
 g - a scroll of remove curse
 h - 3 scrolls of identify
 i - a scroll of immolation {unknown}
 l - a scroll of magic mapping {unknown}
 o - a scroll of amnesia {unknown}
 r - 2 scrolls of enchant armour {unknown}
 u - a scroll of teleportation {unknown}
Books
 d - a book of Cantrips

   Spells                             Type                      Level
   a - Confusing Touch                Hexes                        1
   b - Animate Skeleton               Necromancy                   1
   c - Summon Small Mammal            Summoning                    1
   d - Apportation                    Translocation                1
Comestibles
 f - 4 bread rations
 m - a royal jelly
 q - a fruit


   Skills:
 - Level 6.0 Fighting
 - Level 3.6 Throwing
 + Level 4.6 Armour
 - Level 1.5 Dodging
 - Level 1.2 Stealth


You had 6 spell levels left.
You didn't know any spells.

Dungeon Overview and Level Annotations

Branches:
Dungeon (6/15)
 Temple: D:4-7

Altars:
Dithmenos
Elyvilon
Qazlal
Ru


Innate Abilities, Weirdness & Mutations

You have extremely sharp teeth.
Your natural rate of healing is unusually fast.
When hurt, damage is shared between your health and your magic reserves.
Your bite disrupts and absorbs the magic of your enemies.
Potions cannot restore your health.
You are immune to rotting.
Your magical capacity is low. (-10% MP)
You are somewhat resistant to further mutation.


Message History

You throw a javelin.
The javelin barely misses the orc warrior.
The orc warrior barely misses you.
Throwing (i - inventory):
c - 4 javelins (quivered)
Press: ? - help, Shift-Dir - straight line, f/p - orc warrior
Aim: an orc warrior, wielding a scimitar and wearing a plate armour (heavily wounded)
You throw a javelin. The javelin hits the orc warrior.
The orc warrior is severely wounded.
The orc warrior hits you with a scimitar!
* * * LOW HITPOINT WARNING * * *
An adder comes into view.
The adder hisses angrily.
Throwing (i - inventory):
c - 3 javelins (quivered)
Press: ? - help, Shift-Dir - straight line, f/p - orc warrior
Aim: an orc warrior, wielding a scimitar and wearing a plate armour (severely wounded)
You throw a javelin.
The javelin hits the orc warrior but does no damage.
The orc warrior is severely wounded.
The orc warrior hits you with a scimitar!
You die...

# ##...#...>. #........#.#...
#######........####..>.....#.....
....#......................#..#).
.......#.....# #...........#..
....#........## #.........###..
....#.#.#.....# #.........##...
#####.#.#.....## #.........##)##
# ##...#......####.S<.........#
####...##....#..@o...........###
#....[.####.######o.######..##
#.....(# #.. ##o# #..# #......#
##.. #(## ...## #......# # #..#
#..## #......# ##(##..# ########
#.#... ..o ..(..


You could see an orc warrior, an adder and 2 orcs.

Vanquished Creatures
  A centaur (D:5)
  2 ogres
  A bullfrog (D:6)
  2 howler monkeys
  A jelly (D:5)
  3 hounds
  An orc wizard (D:4)
  An orc priest (D:5)
  An iguana (D:4)
  Ijyb (D:3)
  3 worker ants
  A hound zombie (D:6)
  An adder (D:4)
  A shadow imp (D:5)
  A worm (D:3)
  A dart slug (D:4)
  A leopard gecko (D:6)
  18 orcs
  A goblin (D:1)
  4 hobgoblins
  16 jackals
  2 kobolds
  2 ball pythons
  2 bats
  3 frilled lizards
  2 giant cockroach zombies (D:6)
  5 rats
78 creatures vanquished.

Notes
Turn   | Place    | Note
-------+----------+-------------------------------------------
     0 | D:1      | nono the Vine Stalker Hunter began the quest for the Orb.
     0 | D:1      | Reached XP level 1. HP: 11/11 MP: 2/2
    16 | D:1      | Reached skill level 2 in Fighting
   113 | D:1      | Reached XP level 2. HP: 16/16 MP: 3/3
   314 | D:3      | Noticed Ijyb
   336 | D:3      | Killed Ijyb
   336 | D:3      | Reached skill level 3 in Fighting
   336 | D:3      | Reached XP level 3. HP: 6/20 MP: 4/4
   471 | D:3      | Found a white marble altar of Elyvilon.
   477 | D:3      | Gained mutation: Your natural rate of healing is unusually fast. [Vine Stalker growth]
   477 | D:3      | Reached XP level 4. HP: 14/25 MP: 5/5
   562 | D:3      | Found a shadowy altar of Dithmenos.
   608 | D:4      | Reached skill level 4 in Fighting
   634 | D:4      | Noticed an ogre
   647 | D:4      | Killed an ogre
   647 | D:4      | Reached skill level 5 in Fighting
   647 | D:4      | Reached XP level 5. HP: 20/30 MP: 4/6
   676 | D:4      | Reached XP level 6. HP: 12/36 MP: 7/7
   685 | D:4      | HP: 1/36 [worker ant (1)]
   690 | D:4      | HP: 1/36 [poisoned by a worker ant]
   695 | D:4      | HP: 1/36 [poisoned by a worker ant]
   715 | D:4      | Reached skill level 6 in Fighting
   952 | D:4      | Reached skill level 1 in Armour
  1017 | D:4      | Found a stormy altar of Qazlal.
  1083 | D:5      | Entered Level 5 of the Dungeon
  1091 | D:5      | Reached XP level 7. HP: 11/40 MP: 5/8
  1203 | D:5      | Gained mutation: Your magical capacity is low. (-10% MP) [potion of mutation]
  1203 | D:5      | Gained mutation: You are somewhat resistant to further mutation. [potion of mutation]
  1499 | D:5      | Found a sacrificial altar of Ru.
  1757 | D:6      | Slain by an orc warrior

Vault maps used:
D:1:      onia_arrival_handbag
D:2:      grunt_gozag_breadcrumbs
D:3:      grunt_dithmenos_smoke, elyvilon_altar_3, first_bread,
          gup_sewer_entry_bubbles, uniq_iyjb
D:4:      lemuel_coloured_pillars_altar
D:5:      minmay_opposing_rooms, old_standard_altar
D:6:      nicolae_overflow_crystal_walls, bloody_makhleb

Skill      XL: |  1  2  3  4  5  6  7 |
---------------+----------------------+-----
Fighting       | 2 3 5 6 |  6.0
Armour         | 2 4 |  4.6
Throwing       | |  3.6
Dodging        | |  1.5
Stealth        | |  1.2

Action                   |  1- 3 |  4- 6 |  7- 9 || total
-------------------------+-------+-------+-------++-------
Melee: Short sword       |   113 |    29 |    20 ||   162
       Bite              |    21 |    38 |    48 ||   107
       Hand axe          |       |    88 |    10 ||    98
       Dagger            |       |       |    87 ||    87
Throw: Javelin           |     3 |     1 |     4 ||     8
       Throwing net      |     3 |     1 |       ||     4
Evoke: Wand              |       |     3 |     5 ||     8
  Use: Potion            |     1 |       |     1 ||     2
       Scroll            |     2 |       |     1 ||     3
 Stab: Held in net/web   |     1 |     1 |       ||     2
  Eat: Chunk             |       |     1 |     2 ||     3
Armor: Leather armour    |    38 |    32 |       ||    70
       Ring mail         |       |    13 |       ||    13
       Chain mail        |       |     7 |    58 ||    65
Dodge: Dodged            |    85 |   119 |    29 ||   233
